 Dungeon Crawl Stone Soup version 0.31.0-32-g396128a36d (webtiles) character file.

Game seed: 9885378295595517597

946 Peloso the Covered (level 7, -4/62 HPs)
             Began as a Minotaur Fighter on Apr 21, 2024.
             Killed from afar by a steam dragon (12 damage)
             ... with a ball of steam
             ... on level 5 of the Dungeon.
             The game lasted 00:09:41 (5131 turns).

Peloso the Covered (Minotaur Fighter)               Turns: 5131, Time: 00:09:43

Health: -4/62      AC: 10    Str: 20    XL:     7   Next: 89%
Magic:  6/6        EV:  8    Int:  5    God:
Gold:   289        SH:  5    Dex: 12    Spells: 6/6 levels left

rFire   . . .        a - +1 long sword
rCold   . . .        d - +0 buckler
rNeg    . . .        c - +0 chain mail
rPois   .            (helmet currently unavailable)
rElec   .            (cloak currently unavailable)
rCorr   .            (gloves currently unavailable)
SInv    +            (boots currently unavailable)
Will    .....        (no amulet) Stlth
                     j - ring of see invisible
HPRegen 0.30/turn    (no ring)
MPRegen 0.10/turn

%: no passive effects
@: beast-form
A: beast (slay +0), horns 2, retaliatory headbutt
a: Begin Untransformation


You were on level 5 of the Dungeon.
You were a hulking beast.
You visited 1 branch of the dungeon, and saw 5 of its levels.
You also visited: Sewer.

You collected 289 gold pieces.

Inventory:

Hand Weapons
 a - a +1 long sword (weapon)
Missiles
 u - a throwing net (quivered)
Armour
 b - a +0 scale mail
 c - a +0 chain mail (worn)
 d - a +0 buckler (worn)
 k - a +0 cloak
Jewellery
 j - a ring of see invisible (left hand)
Talismans
 e - a beast talisman (active)
Wands
 l - a wand of flame (9)
Scrolls
 f - a scroll of revelation
 m - a scroll of acquirement
 r - a scroll of blinking {unknown}
 w - a scroll of teleportation {unknown}
Potions
 g - a potion of curing
 h - 2 potions of might
 i - a potion of heal wounds
 n - a potion of enlightenment {unknown}
 o - 2 potions of haste {unknown}
 p - a potion of resistance {unknown}
 q - 2 potions of magic {unknown}
 s - a potion of invisibility {unknown}
 t - a potion of mutation {unknown}
 v - a potion of berserk rage {unknown}
 x - a potion of degeneration {unknown}


   Skills:
 + Level 5.7 Fighting
 + Level 6.4 Long Blades
 + Level 6.6 Armour
 + Level 1.4 Dodging
 + Level 0.9 Stealth
 + Level 5.2 Shields
 + Level 1.6 Shapeshifting


You had 6 spell levels left.
You didn't know any spells.
Your spell library contained the following spells:

 Spells                   Type           Power      Damage    Failure   Level
 Freeze                   Ice            0%         1d3       99%         1
 Frozen Ramparts          Ice            0%         1d1       100%        3
 Hailstorm                Conj/Ice       0%         3d5       100%        3
 Inner Flame              Hex/Fire       0%         N/A       100%        3
 Flame Wave               Conj/Fire      0%         2d4       100%        4
 Sticky Flame             Fire/Alch      0%         2d4       100%        4


Dungeon Overview and Level Annotations

Branches:
Dungeon (5/15)              Sewer (visited)
 Temple: D:4-7

Altars:
Uskayaw

Annotations:
D:5 Dowan, Duvessa


Innate Abilities, Weirdness & Mutations

You are a hulking beast.
Your limbs bulge with bestial killing power. (Slay +0)
You have a pair of horns on your head.
You reflexively headbutt those who attack you in melee.


Message History

The adder is almost dead.
You feel very sick. You block the adder's attack.
You hit the adder.
You kill the adder!
You feel very sick.
You feel sick.
You see here an adder corpse.
You feel sick.
You feel sick.
You feel sick.
You now have 289 gold pieces (gained 13).
You feel sick.
You feel sick.
You feel sick.
You are no longer poisoned.
You open the door.
There is an open door here.
As you open the large door, it creaks loudly!
You hear a shout!
There is a large open door here.
An ogre comes into view. It is wielding a +0 giant spiked club.
An ogre is nearby!
You slash the ogre!
You headbutt the ogre, but do no damage.
The ogre is moderately wounded.
The ogre hits you with a +0 giant spiked club!!
A steam dragon comes into view.
The steam dragon hisses angrily.
You slash the ogre!
The ogre is severely wounded.
You block the ogre's attack. The steam dragon bites you.
The steam dragon claws you but does no damage.
You barely miss the ogre.
The ogre is severely wounded.
The ogre hits you with a +0 giant spiked club!
* * * LOW HITPOINT WARNING * * *
The steam dragon breathes steam at you. The ball of steam hits you!
You die...

......#...#)###..#######
....................<...
#....8####8...#####.####
#....+....'...# #...##
#....8#..#8...# #.#...
#..# #''####.# #.####
#.. #..# .# #.# # #.
#..# .# #.# #h.# . ..#
#OD# . ### ..... #######


You could see a steam dragon (catching breath) and an ogre.

Vanquished Creatures
  An ice beast (D:5)
  A kobold brigand (Sewer)
  A bombardier beetle (D:4)
  A jelly (D:4)
  4 hounds
  A gnoll bouda (D:4)
  2 orc priests
  An iguana (D:5)
  3 orc wizards
  3 gnolls (D:4)
  16 adders
  8 river rats (Sewer)
  2 shadow imps
  2 dart slugs
  3 ribbon worms
  13 orcs
  5 bats
  8 endoplasms
  8 giant cockroaches
  6 goblins
  5 hobgoblins
  7 quokkas
  8 ball pythons
  5 frilled lizards
  22 kobolds
  23 rats
159 creatures vanquished.

Notes
Turn   | Place    | Note
-------+----------+-------------------------------------------
     0 | D:1      | Peloso the Minotaur Fighter began the quest for the Orb.
     0 | D:1      | Reached XP level 1. HP: 19/19 MP: 0/0
   348 | D:1      | Reached XP level 2. HP: 27/27 MP: 1/1
  1089 | D:2      | Reached XP level 3. HP: 33/33 MP: 2/2
  1194 | D:2      | Found a faded altar of an unknown god.
  1459 | D:2      | Found a hide-covered altar of Uskayaw.
  1888 | D:3      | Reached XP level 4. HP: 35/41 MP: 3/3
  1981 | D:3      | Reached XP level 5. HP: 43/47 MP: 4/4
  2251 | D:3      | Identified the +1 robe "Napamn" {Int+5 Slay+3}
  2804 | D:3      | Identified a scroll of acquirement
  2808 | D:4      | Found a glowing drain.
  2839 | D:4      | Reached skill level 5 in Fighting
  2845 | D:4      | Reached skill level 1 in Shapeshifting
  2845 | D:4      | Reached XP level 6. HP: 47/56 MP: 5/5
  2862 | Sewer    | Entered a sewer
  2894 | Sewer    | Reached skill level 5 in Long Blades
  2905 | Sewer    | Reached skill level 1 in Dodging
  3238 | Sewer    | Reached skill level 5 in Armour
  3938 | D:4      | Reached XP level 7. HP: 28/61 MP: 6/6
  4685 | D:5      | Entered Level 5 of the Dungeon
  4748 | D:5      | Reached skill level 5 in Shields
  4935 | D:5      | Noticed Dowan
  4937 | D:5      | Noticed Duvessa
  5129 | D:5      | Noticed a steam dragon
  5131 | D:5      | Killed from afar by a steam dragon

Illustrated notes

Levels and vault maps discovered:
D:1:      evilmike_arrival_rings, layout_loops_ring
D:2:      layout_loops_corners, basic_altar, chequers_ecumenical_altar_grove,
          minmay_misc_feat_rows, serial_bayou_lagoon_b
D:3:      layout_basic, minmay_pentangle
D:4:      layout_rooms, gup_sewer_entry_glass
D:5:      layout_rooms, mainiacjoe_overflow_catch_the_wave,
          jmf_multi_god_temple2, uniq_duvessa

Skill      XL: |  1  2  3  4  5  6  7 |
---------------+----------------------+-----
Armour         | 4 5 6 |  6.6
Shields        | 4 5 |  5.2
Fighting       | 4 5 |  5.7
Long Blades    | 3 4 5 6 |  6.4
Shapeshifting  | 1 |  1.6
Dodging        | 1 |  1.4
Stealth        | |  0.9

Action                     |  1- 3 |  4- 6 |  7- 9 || total
---------------------------+-------+-------+-------++-------
  Melee: Long sword        |    99 |   196 |   112 ||   407
         Headbutt          |    17 |    33 |    21 ||    71
    Use: Scroll            |     2 |     4 |       ||     6
         Potion            |       |       |     2 ||     2
 Armour: Scale mail        |    61 |       |       ||    61
         Chain mail        |    23 |   134 |   106 ||   263
  Dodge: Dodged            |    52 |    77 |    54 ||   183
  Block: Buckler           |    21 |    48 |    45 ||   114
   Form: Beast             |     1 |       |       ||     1
